 Dungeon Crawl Stone Soup version 0.28-a0-1152-g9c71ebef14 (webtiles) character file.

Game seed: 3926231645559116259

3 spaghetti the Sneak (level 1, -2/20 HPs)
             Began as a Deep Dwarf Delver on Dec 14, 2021.
             Slain by an ogre (19 damage)
             ... on level 5 of the Dungeon.
             The game lasted 00:00:11 (59 turns).

spaghetti the Sneak (Deep Dwarf Delver)               Turns: 59, Time: 00:00:12

Health: -2/20      AC:  3    Str: 15    XL:     1   Next: 41%
Magic:  1/1        EV: 12    Int: 10    God:
Gold:   8          SH:  0    Dex: 14    Spells: 0/0 levels left

rFire   . . .      SeeInvis .   a - +0 falchion {long}
rCold   . . .      Faith    .   (no shield)
rNeg    . . .      Spirit   .   b - +0 leather armour
rPois   .          Reflect  .   (no helmet)
rElec   .          Harm     .   (no cloak)
rCorr   .          Rampage  .   (no gloves)
Will    .....                   (no boots)
Stlth   +++.......              (no amulet)
HPRegen 0.00/turn               (no ring)
MPRegen 0.07/turn               (no ring)

@: no status effects
A: damage resistance, heal wounds, sense surroundings 1, no regeneration
a: Heal Wounds


You were on level 5 of the Dungeon.
You visited 1 branch of the dungeon, and saw 1 of its levels.

You collected 8 gold pieces.


Innate Abilities, Weirdness & Mutations

You are resistant to damage.
You can heal yourself by infusing magical energy.
You passively map a small area around you.
You do not regenerate.


   Skills:
 - Level 2.6 Fighting
 - Level 2.0 Long Blades
 - Level 2.1 Dodging
 + Level 6.2 Stealth


You couldn't memorise any spells.
You didn't know any spells.
Your spell library was empty.

Inventory:

Hand Weapons
 a - a +0 falchion (weapon) {long}
Missiles
 k - 23 arrows
Armour
 b - a +0 leather armour (worn)
Wands
 g - a wand of digging (3)
 i - a wand of iceblast (9)
   (You found it on level 5 of the Dungeon)
Scrolls
 c - a scroll of fog
 d - 2 scrolls of magic mapping {!r}
 e - a scroll of fear
Potions
 f - a potion of haste {@q3}
 h - a potion of heal wounds {@q2}

Dungeon Overview and Level Annotations

Branches:
Dungeon (5/15)
 Temple: D:4-7

Altars:

..#.....## , * .# ##
##........## * ...,
.. ..#.#.......# #.#
#.##...#....)..# , *
......#.#.#.......# *
,,##.##...#.........#
, *
#...#.#.#.#.......# *
* ,,#.O.#...#......##
* , #@#.#.#.......# *
#...#.........#
*.......#.#.#.......#
*#.###.##...#.......#
.......#.#.......# *
#.###.##........## ,
... ......#.....####
#.###.###.##........#
.. ...####..........#


You could see an ogre.


Message History

🤖 Initializing magus.rc ...
Options error: Delay interrupt name "hungry" not recognised. (~/.crawlrc:4771) ✅ Successfully initialized magus.rc [v1.9.6] Welcome, spaghetti the Deep Dwarf Delver.
The heart of this dungeon contains the fabled artefact, the Orb of Zot.
Press ? for a list of commands and other information.
Found a lumpy cyan potion.
Found two stone staircases leading down.
Unknown command.
h - a lumpy cyan potion
d - 2 scrolls of magic mapping {!r} (gained 1)
i - a wand of iceblast (9)
Found a stone staircase leading up.
j - a scroll labelled EREBIT TUXEEL You now have 8 gold pieces.
k - 23 arrows An ogre and a skeleton come into view.
As you read the scroll labelled EREBIT TUXEEL, it crumbles to dust.
It is a scroll of identify.
Really abort (and waste the scroll)? [Y]es or [N]o only, please.
Really abort (and waste the scroll)?
h - a potion of heal wounds
There are monsters nearby!
You barely miss the adder skeleton. The adder skeleton bites you.
You hit the adder skeleton.
The adder skeleton bites you but does no damage.
The adder skeleton completely misses you.
You barely miss the adder skeleton.
The adder skeleton completely misses you.
You slash the adder skeleton! The adder skeleton barely misses you.
You hit the adder skeleton. The adder skeleton bites you.
The adder skeleton bites you but does no damage. 😕 HP[-3]
You take 3 damage, and now have 17/20 hp.
You slash the adder skeleton!
You destroy the adder skeleton!
The ogre hits you with a +0 giant club!!
Ouch! That really hurt!
You die...

Action                   || total
-------------------------++-------
Melee: Falchion          ||     6
  Use: Scroll            ||     1
Armor: Leather armour    ||     2
Dodge: Dodged            ||     3

Levels and vault maps discovered:
D:5:      layout_rooms, nicolae_vehumet_altar_sigil,
          nicolae_concentric_dashed_squares_wild, uniq_grinder, uniq_menkaure

Notes
Turn   | Place    | Note
-------+----------+-------------------------------------------
     0 | D:5      | spaghetti the Deep Dwarf Delver began the quest for the
                  | Orb.
     0 | D:5      | Reached XP level 1. HP: 20/20 MP: 1/1
     0 | D:5      | magus.rc [v1.9.6]
    50 | D:5      | Noticed an ogre
    59 | D:5      | Slain by an ogre

Vanquished Creatures
  An adder skeleton (D:5)
1 creature vanquished.

Table legend:
 A = Non-vault XP
 B = Vault XP
 C = Vault XP percentage of total XP
 D = Non-vault monster count
 E = Vault monster count
 F = Vault count percentage of total count
                 A         B        C        D         E       F
            +---------+---------+-------+---------+---------+-------
      Total |       5 |       0 |   0.0 |       1 |       0 |   0.0
            +---------+---------+-------+---------+---------+-------
        D:5 |       5 |       0 |   0.0 |       1 |       0 |   0.0
            +---------+---------+-------+---------+---------+-------

Illustrated notes

Table legend:
 A = Kills in this place as a percentage of kills in entire the game.
 B = Kills by you in this place as a percentage of kills by you in the entire game.
 C = Kills by friends in this place as a percentage of kills by friends in the entire game.
 D = Other kills in this place as a percentage of other kills in the entire game.
 E = Experience gained in this place as a percentage of experience gained in the entire game.
 F = Experience gained in this place divided by the number of levels of this place that you have seen.
                   A       B       C       D       E      F
               +-------+-------+-------+-------+-------+----------------------
         Total | 100.0 | 100.0 |   N/A |   N/A | 100.0 |   5.0
       Dungeon | 100.0 | 100.0 |   N/A |   N/A | 100.0 |   5.0
               +-------+-------+-------+-------+-------+----------------------

Table legend: (Time is in decaauts)
 A = Elapsed time spent in this place.
 B = Non-inter-level travel time spent in this place.
 C = Inter-level travel time spent in this place.
 D = Time resting spent in this place.
 E = Time spent auto-exploring this place.
 F = Levels seen in this place.
 G = Mean time per level.
                   A        B        C        D        E       F      G
               +--------+--------+--------+--------+--------+-----+--------+
         Total |     60 |     60 |      0 |      0 |     46 |   1 |   60.0 |
       Dungeon |     60 |     60 |      0 |      0 |     46 |   1 |   60.0 |
               +--------+--------+--------+--------+--------+-----+--------+

Top non-repeatable levels by time:
     D:5: 60 daAuts
